 Dungeon Crawl Stone Soup version 0.32-a0-791-gfc315c9ecd (webtiles) character file.

Game seed: 13184266550329339274

8967 jestert79 the Summoner (level 11, 0/74 HPs)
             Began as a Demonspawn Summoner on Mar 20, 2024.
             Was a Priest of Beogh.
             Slain by a yak (12 damage)
             ... on level 10 of the Dungeon.
             The game lasted 00:50:04 (12456 turns).

jestert79 the Summoner (Demonspawn Summoner)       Turns: 12456, Time: 00:50:06

Health: 0/74       AC: 10    Str:  8    XL:     11   Next: 16%
Magic:  17/24      EV: 10    Int: 21    God:    Beogh [***...]
Gold:   479        SH:  0    Dex: 13    Spells: 2/16 levels left

rFire   . . .        E - +3 scimitar (venom)
rCold   . . .        (no shield)
rNeg    . . .        i - +0 scale mail
rPois   +            (helmet unavailable)
rElec   .            x - +2 cloak {rCorr}
rCorr   +            (no gloves)
SInv    .            (no boots)
Will    .....        (no amulet)
Stlth   +            q - ring of poison resistance
HPRegen 0.32/turn    D - ring of magical power
MPRegen 0.38/turn

%: no passive effects
@: very slightly contaminated
A: horns 3, powered by pain 1, magic regeneration, sturdy frame 2
a: Renounce Religion, Smiting, Recall Apostles, Dismiss Arbolt, wizard


You were on level 10 of the Dungeon.
You worshipped Beogh.
Beogh was most pleased with you.
You visited 1 branch of the dungeon, and saw 10 of its levels.
You also visited: Sewer.

You collected 479 gold pieces.

Inventory:

Hand Weapons
 j - the +5 dagger of Dafudohim {drain, rN+}
   (You took it off a gnoll on level 4 of the Dungeon)

   rN+:       It protects you from negative energy.
 v - a +2 short sword of venom
 E - a +3 scimitar of venom (weapon)
Missiles
 f - 21 poisoned darts (quivered)
Armour
 i - a +0 scale mail (worn)
 x - a +2 cloak of preservation (worn)
 z - a +2 robe of resistance
Jewellery
 q - a ring of poison resistance (left hand)
 D - a ring of magical power (right hand)
Wands
 n - a wand of flame (34)
 t - a wand of polymorph (3)
Scrolls
 c - a scroll of poison
 d - 2 scrolls of fear
 g - 2 scrolls of vulnerability
 l - 4 scrolls of torment
 s - a scroll of amnesia
 y - a scroll of enchant weapon {unknown}
 A - 5 scrolls of teleportation
Potions
 a - a potion of brilliance
 b - 4 potions of magic
 h - a potion of curing
 k - a potion of lignification {unknown}
 m - a potion of invisibility
 o - 3 potions of berserk rage
 p - 5 potions of might
 r - a potion of ambrosia {unknown}
 u - 3 potions of haste
 w - 2 potions of mutation
 C - a potion of heal wounds


   Skills:
 - Level 2.9 Fighting
 - Level 6.8 Long Blades
 + Level 3.9 Armour
 - Level 3.3 Dodging
 - Level 1.7 Stealth
 - Level 3.0 Spellcasting
 + Level 10.8 Summonings
 + Level 6.8 Fire Magic
 + Level 5.2 Earth Magic
 + Level 3.9 Invocations


You had 2 spell levels left.
You knew the following spells:

 Your Spells              Type           Power      Damage    Failure   Level
a - Summon Small Mammal   Summ           100%       N/A       1%          1
b - Call Imp              Summ           96%        N/A       1%          2
c - Call Canine Familiar  Summ           48%        N/A       1%          3
d - Summon Blazeheart Go  Fire/Summ      40%        N/A       8%          4
e - Animate Armour        Summ/Erth      72%        N/A       11%         4

Your spell library contained the following spells:

 Spells                   Type           Power      Damage    Failure   Level
 Apportation              Tloc           6%         N/A       28%         1
 Necrotise                Necr           12%        1d4       28%         1
 Sting                    Conj/Alch      12%        1d3       28%         1
 Sublimation of Blood     Necr           3%         N/A       38%         2
 Stone Arrow              Conj/Erth      28%        3d8       28%         3
 Summon Lightning Spire   Summ/Air       25%        N/A       30%         4
 Sigil of Binding         Hex            3%         N/A       63%         3
 Tukima's Dance           Hex            3%         N/A       63%         3
 Leda's Liquefaction      Alch/Erth      7%         N/A       67%         4
 Lee's Rapid Deconstruct  Erth           12%        3d9*      67%         5
 Dimensional Bullseye     Hex/Tloc       1%         N/A       95%         4
 Iskenderun's Mystic Bla  Conj/Tloc      3%         2d3       95%         4
 Borgnjor's Vile Clutch   Necr/Erth      7%         N/A       95%         5
 Summon Hydra             Summ           24%        N/A       95%         7
 Alistair's Intoxication  Alch           2%         N/A       100%        5
 Eringya's Noxious Bog    Alch           1%         4d6       100%        6
 Permafrost Eruption      Ice/Erth       7%         2x4d3     100%        6
 Sculpt Simulacrum        Ice/Alch       1%         N/A       100%        6
 Ozocubu's Refrigeration  Ice            1%         4d7       100%        7
 Lehudib's Crystal Spear  Conj/Erth      7%         10d3      100%        8
 Polar Vortex             Ice            1%         N/A       100%        9


Dungeon Overview and Level Annotations

Branches:
Dungeon (10/15)            Temple (0/1) D:5            Lair (0/5) D:8
  Sewer (visited)
    Orc: D:9-12

Altars:
Dithmenos
Gozag
Nemelex Xobeh
Okawaru
Qazlal
Sif Muna
Vehumet
Yredelemnul


Innate Abilities, Weirdness & Mutations

Your facial features look somewhat orcish.
You have a pair of large horns on your head.
You sometimes gain a little power by taking damage.
You regenerate magic rapidly.
Your movements are less encumbered by armour. (ER -4)


Message History

Unknown command.
Unknown command.
You hear a bellow!
The yak attacks as it pursues you! The yak gores you but does no damage.
The yak snorts and paws the ground.
You slash the yak!
The yak is almost dead.
You kill the yak!
Beogh accepts your kill.
Casting: Summon Blazeheart Golem (dangerous; 8% risk of failure)
Confirm with . or Enter, or press ? or * to list all spells.
You miscast Summon Blazeheart Golem.
You are very lightly contaminated with residual magic.
Nothing appears to happen.
Unknown command.
Casting: Summon Blazeheart Golem (dangerous; 8% risk of failure)
Confirm with . or Enter, or press ? or * to list all spells.
A fiery spirit appears, bound in slag iron.
The centaur shoots an arrow.
The arrow hits your blazeheart golem! The yak completely misses you.
The yak gores your blazeheart golem.
The centaur shoots an arrow.
The arrow hits your blazeheart golem.
Unknown command.
Unknown command.
You slash the yak!
The yak looks as sick as possible!
The yak is moderately wounded.
Arbolt is invigorated by your prowess.
The centaur shoots an arrow.
The arrow completely misses your blazeheart golem.
The arrow closely misses the yak.
The arrow hits you!
* * * LOW HITPOINT WARNING * * *
The yak gores you.
* * * LOW HITPOINT WARNING * * *
The yak gores your blazeheart golem!
Your blazeheart golem punches the yak but does no damage.
You closely miss the yak. You headbutt the yak, but do no damage.
The yak is moderately wounded.
Your blazeheart golem's core grows cold and it stops moving.
The centaur shoots an arrow.
The arrow hits your blazeheart golem!
Your blazeheart golem falls apart and the last of its fire goes out.
The yak gores you!
You die...

......# #.#.# ......# ##### #.#.#
# ......# #...# ##.#.##.
......############)..# #......
................##...# #..#.##
.#.###..........##...###.....#
................'....+.......#
.#.#######......##§.c###.#...#
.#.# ##.....@YYY.9.......# .#.###
#.##########.....†.#.# .....# #.#
#....†....# ...#.# #.#
#####.#.....
.###.######.#######.......§......
.........<..............Y.Y..####
.###.######.#######.#....#c#...
.............. ...Y.........
.#.#.###.#.#.## .#.##.#.......


You could see 3 yaks, a gargoyle and a centaur.

Vanquished Creatures
  A two-headed ogre (D:8)
  A kobold demonologist (D:9)
  2 hornets (D:9)
  Sigmund (D:5)
  2 wyverns
  Eustachio (D:6)
  11 yaks
  2 water moccasins (D:8)
  3 ice beasts
  2 orc warriors (D:6)
  2 ogres
  2 centaurs
  A bullfrog (D:8)
  A gnoll sergeant (D:9)
  A wight (D:7)
  Dowan (D:5)
  A bombardier beetle (D:5)
  2 hounds
  An orc priest (D:4)
  A gnoll bouda (D:5)
  3 iguanas
  3 orc wizards
  6 gnolls
  3 adders
  2 white imps (D:6)
  4 ribbon worms
  A dart slug (D:2)
  7 orcs
  9 ball pythons
  8 bats
  4 endoplasms
  5 giant cockroaches
  7 goblins
  5 hobgoblins
  5 jackals
  10 kobolds
  5 frilled lizards
  4 rats
130 creatures vanquished.

Vanquished Creatures (collateral kills)
  A troll (D:10)
  5 yaks
  3 wyverns
  A water moccasin (D:9)
  Duvessa (D:5)
  3 acid dragons
  An orc warrior (D:6)
  An ice beast (D:5)
  A black bear (D:5)
  A sky beast (D:6)
  2 ogres
  2 centaurs
  A phantom (D:7)
  A kobold brigand (Sewer)
  Blork the orc (D:4)
  A bullfrog (D:6)
  5 scorpions
  4 wights (D:7)
  A nameless horror (D:8)
  A bombardier beetle (D:6)
  2 jellies (D:6)
  Crazy Yiuf (D:3)
  2 hounds
  An orc priest (D:8)
  2 iguanas (D:6)
  2 sleepcaps (D:5)
  2 orc wizards (D:6)
  Robin (D:3)
  5 adders
  4 gnolls
  A shadow imp (D:5)
  A ribbon worm (D:3)
  9 orcs
  3 ball pythons
  2 endoplasms
  2 giant cockroaches (D:3)
  4 goblins
  3 hobgoblins
  3 jackals
  12 kobolds
  A bat (D:3)
  3 frilled lizards
  A rat (D:1)
104 creatures vanquished.

Vanquished Creatures (others)
  An orc wizard (D:8)
  An orc (D:6)
  23 blazeheart cores
25 creatures vanquished.

Grand Total: 259 creatures vanquished

Notes
Turn   | Place    | Note
-------+----------+-------------------------------------------
     0 | D:1      | jestert79 the Demonspawn Summoner began the quest for the
                  | Orb.
     0 | D:1      | Reached XP level 1. HP: 13/13 MP: 3/3
   337 | D:1      | Gained mutation: Your movements are slightly less
                  | encumbered by armour. (ER -2) [demonic ancestry]
   337 | D:1      | Reached XP level 2. HP: 19/19 MP: 1/5
  1267 | D:1      | Learned a level 2 spell: Call Imp
  1443 | D:2      | Reached skill level 5 in Summonings
  1443 | D:2      | Gained mutation: You have a pair of small horns on your
                  | head. [demonic ancestry]
  1443 | D:2      | Reached XP level 3. HP: 21/24 MP: 4/6
  2242 | D:2      | Gained mutation: You have a pair of horns on your head.
                  | [demonic ancestry]
  2242 | D:2      | Reached XP level 4. HP: 30/30 MP: 4/7
  2538 | D:3      | Noticed Robin
  2582 | D:3      | Found a sparkling altar of Nemelex Xobeh.
  2588 | D:3      | Reached skill level 6 in Summonings
  2702 | D:3      | Learned a level 3 spell: Call Canine Familiar
  2830 | D:3      | Found a glowing drain.
  2834 | Sewer    | Entered a sewer
  3300 | Sewer    | Noticed a kobold brigand
  3306 | Sewer    | Reached XP level 5. HP: 32/35 MP: 2/8
  3660 | D:3      | Killed Robin
  3661 | D:3      | Reached skill level 7 in Summonings
  3723 | D:3      | Found a runed translucent door.
  3724 | D:3      | Noticed Crazy Yiuf
  3861 | D:3      | Killed Crazy Yiuf
  3919 | D:4      | Noticed Blork the orc
  3956 | D:4      | Reached skill level 1 in Fighting
  3956 | D:4      | Reached XP level 6. HP: 43/43 MP: 4/9
  4029 | D:4      | Identified the +5 dagger of Dafudohim {drain, rN+}
  4143 | D:4      | Became a worshipper of Beogh the Shepherd
  4296 | D:4      | Killed Blork the orc
  4539 | D:4      | Identified the +10 dagger "Beetleslayer" {antimagic, Str+5}
  4835 | D:5      | Entered Level 5 of the Dungeon
  4971 | D:5      | Found a staircase to the Ecumenical Temple.
  4999 | D:5      | Noticed an ice beast
  5000 | D:5      | Gained mutation: Your movements are less encumbered by
                  | armour. (ER -4) [demonic ancestry]
  5000 | D:5      | Reached XP level 7. HP: 50/51 MP: 6/10
  5176 | D:5      | Learned a level 4 spell: Summon Blazeheart Golem
  5217 | D:5      | Reached skill level 1 in Fire Magic
  5227 | D:5      | Noticed Sigmund
  5266 | D:5      | Killed Sigmund
  5267 | D:5      | Reached skill level 8 in Summonings
  5346 | D:5      | Noticed Dowan
  5346 | D:5      | Noticed Duvessa
  5371 | D:5      | Killed Duvessa
  5372 | D:5      | Gained mutation: You regenerate magic rapidly. [demonic
                  | ancestry]
  5372 | D:5      | Reached XP level 8. HP: 38/57 MP: 6/11
  5378 | D:5      | Killed Dowan
  5687 | D:5      | Reached * piety under Beogh
  5781 | D:5      | Reached skill level 9 in Summonings
  6035 | D:5      | Found an opulent altar of Gozag.
  6074 | D:6      | Reached skill level 1 in Long Blades
  6367 | D:6      | Noticed Eustachio
  6676 | D:6      | Gained mutation: You sometimes gain a little power by
                  | taking damage. [demonic ancestry]
  6676 | D:6      | Reached XP level 9. HP: 62/62 MP: 8/12
  6800 | D:6      | Reached skill level 5 in Fire Magic
  7194 | D:6      | Killed Eustachio
  7527 | D:6      | Reached skill level 10 in Summonings
  7989 | D:7      | Found a basalt altar of Yredelemnul.
  8015 | D:7      | Reached ** piety under Beogh
  8473 | D:8      | Reached skill level 5 in Long Blades
  8490 | D:7      | Learned a level 4 spell: Animate Armour
  8617 | D:8      | Reached skill level 1 in Earth Magic
  8839 | D:8      | Gained mutation: You have a pair of large horns on your
                  | head. [demonic ancestry]
  8839 | D:8      | Reached XP level 10. HP: 18/69 MP: 14/14
  9503 | D:8      | Found a staircase to the Lair.
  9654 | D:8      | Reached skill level 1 in Armour
  9763 | D:8      | Noticed a two-headed ogre
  9796 | D:8      | Killed a two-headed ogre
 10287 | D:8      | Found an iron altar of Okawaru.
 10289 | D:8      | Found a stormy altar of Qazlal.
 10291 | D:8      | Found a shadowy altar of Dithmenos.
 10292 | D:8      | Found a shimmering blue altar of Sif Muna.
 10368 | D:9      | Reached skill level 1 in Invocations
 10422 | D:9      | Found a radiant altar of Vehumet.
 11037 | D:9      | Noticed a sun demon
 11042 | D:9      | Reached *** piety under Beogh
 11050 | D:9      | Noticed Arbolt
 11069 | D:9      | Anointed Arbolt the wizard as your apostle
 11072 | D:9      | HP: 3/69 [poisoned by Arbolt (sting)]
 11510 | D:9      | Reached XP level 11. HP: 67/74 MP: 15/15
 11867 | D:10     | Entered Level 10 of the Dungeon
 12424 | D:10     | Reached skill level 5 in Earth Magic
 12456 | D:10     | Slain by a yak

Illustrated notes

Levels and vault maps discovered:
D:1:      heliophobic_arrival_glass_houses, layout_basic
D:2:      layout_loops_ring, kennysheep_generic_room_7
D:3:      layout_rooms, nemelex_dance_club_becter, gup_sewer_entry_bowl,
          uniq_crazy_yiuf_cottage, uniq_robin
D:4:      layout_cave_pools, uniq_blork_the_orc
D:5:      layout_rooms, kennysheep_mini_moat, minmay_temple_entry_large_hall,
          uniq_sigmund, uniq_duvessa
D:6:      minmay_razor_zed, layout_loops_cross, slow_altar_2, uniq_eustachio
D:7:      layout_rooms, nicolae_overflow_hidden_temple, small_statue_alley_b,
          eino_curves_02
D:8:      layout_gridville, grunt_temple_overflow_open, minmay_lair_entry_grove
D:9:      layout_loops_ring, nicolae_vehumet_altar_sigil
D:10:     layout_basic, lemuel_coloured_pillars_altar

Skill      XL: |  1  2  3  4  5  6  7  8  9 10 11 |
---------------+----------------------------------+-----
Summonings     | 5 6 7 8 9 10 | 10.8
Dodging        | 2 3 |  3.3
Fighting       | 1 2 |  2.9
Fire Magic     | 3 4 6 |  6.8
Long Blades    | 2 5 6 |  6.8
Spellcasting   | 3 |  3.0
Earth Magic    | 2 4 5 |  5.2
Armour         | 3 |  3.9
Invocations    | 3 |  3.9
Stealth        | |  1.7

Action                     |  1- 3 |  4- 6 |  7- 9 | 10-12 || total
---------------------------+-------+-------+-------+-------++-------
  Melee: Short sword       |   118 |   132 |       |       ||   250
         Rapier            |     7 |       |       |       ||     7
         Unarmed           |     3 |       |       |       ||     3
         Headbutt          |     7 |    27 |    21 |    15 ||    70
         Dagger            |       |    11 |   168 |    43 ||   222
         Scimitar          |       |       |       |    32 ||    32
  Throw: Dart              |       |       |    12 |       ||    12
   Cast: Summon Small Mamm |     9 |       |       |       ||     9
         Call Imp          |     9 |    25 |    25 |     3 ||    62
         Call Canine Famil |       |    15 |    18 |     2 ||    35
         Summon Blazeheart |       |       |    12 |    19 ||    31
         Animate Armour    |       |       |       |     4 ||     4
 Invoke: Convert to Beogh  |       |     1 |       |       ||     1
         Recruit Apostle   |       |       |       |     1 ||     1
  Evoke: Wand              |       |     2 |     8 |     3 ||    13
    Use: Scroll            |       |    10 |     7 |     4 ||    21
         Potion            |       |       |     1 |     1 ||     2
   Stab: Sleeping          |     3 |     1 |     1 |       ||     5
         Distracted        |       |     2 |     2 |       ||     4
         Invisible         |       |       |     2 |       ||     2
 Armour: Robe              |    16 |    20 |   168 |    17 ||   221
         Ring mail         |    48 |   111 |       |       ||   159
         Scale mail        |       |       |       |    86 ||    86
  Dodge: Dodged            |    86 |    71 |   157 |    67 ||   381

Table legend: (Time is in decaauts)
 A = Elapsed time spent in this place.
 B = Non-inter-level travel time spent in this place.
 C = Inter-level travel time spent in this place.
 D = Time resting spent in this place.
 E = Time spent auto-exploring this place.
 F = Levels seen in this place.
 G = Mean time per level.
                   A        B        C        D        E       F      G
               +--------+--------+--------+--------+--------+-----+--------+
         Total |  12505 |  11313 |   1192 |   2939 |   5234 |  11 | 1136.8 |
       Dungeon |  11924 |  10732 |   1192 |   2682 |   5192 |  10 | 1192.4 |
         Sewer |    580 |    580 |      0 |    257 |     41 |   1 |  580.0 |
               +--------+--------+--------+--------+--------+-----+--------+

Top non-repeatable levels by time:
     D:8: 1793 daAuts
     D:6: 1707 daAuts
     D:1: 1423 daAuts
     D:7: 1192 daAuts
     D:9: 1189 daAuts
     D:2: 1090 daAuts
     D:5: 1057 daAuts
     D:3: 1046 daAuts
     D:4: 961 daAuts
   Sewer: 580 daAuts
    D:10: 463 daAuts
